TOP OF THE 1ST |
Mahoning Valley Scrappers batting - Pitching for Hudson Valley Renegades : RHP Suezo Nagai
|
Pitching: RHP Suezo Nagai
|
|
Batting: RHB Jonathan Underhill
|
0-0: SINGLE (Groundball, 56S, EV 70.0 MPH) (infield hit)
|
Batting: RHB Edolf Vlemmings
|
0-0: Grounds into double play, 6-4-3 (Groundball, 6, EV 87.5 MPH)
|
Batting: SHB Charlie Diesel
|
0-0: Called Strike 0-1: Ball 1-1: DOUBLE (Line Drive, 7LM, EV 103.8 MPH)
|
Batting: LHB Tibalt Sklavenitis
|
0-0: Ground out 6-3 (Groundball, 4MD, EV 105.0 MPH)
|
Top of the 1st over - 0 runs, 2 hits, 0 errors, 1 left on base; Mahoning Valley 0 - Hudson Valley 0 |
BOTTOM OF THE 1ST |
Hudson Valley Renegades batting - Pitching for Mahoning Valley Scrappers : RHP Rafael Borja
|
Pitching: RHP Rafael Borja
|
|
Batting: LHB Dan Hunt
|
0-0: Ball 1-0: Ball 2-0: Ball 3-0: Called Strike 3-1: Base on Balls
|
Batting: RHB Chris Thorson
|
0-0: Ball Dan Hunt steals 2nd base 1-0: Foul Ball, location: 2F 1-1: Fly out, F8 (Flyball, 8LM, EV 88.8 MPH)
|
Batting: LHB Brian Hollinger
|
0-0: Called Strike Dan Hunt steals 3rd base 0-1: Ball 1-1: Foul Ball, location: 2F 1-2: Ground out 4-3 (Groundball, 4, EV 105.0 MPH) Dan Hunt scores
|
Batting: SHB Suljo Dokic
|
0-0: Called Strike 0-1: Ground out 4-3 (Groundball, 4, EV 80.0 MPH)
|
Bottom of the 1st over - 1 run, 0 hits, 0 errors, 0 left on base; Mahoning Valley 0 - Hudson Valley 1 |
TOP OF THE 2ND |
Mahoning Valley Scrappers batting - Pitching for Hudson Valley Renegades : RHP Suezo Nagai
|
Batting: RHB Chris Yancey
|
0-0: Foul Ball, location: 2F 0-1: Ball 1-1: Ball 2-1: DOUBLE (Line Drive, 89D, EV 113.1 MPH)
|
Batting: RHB Santos Guadalupe
|
0-0: Hit by Pitch
|
Pinch Runner at 1st Manny Caldera:
|
|
Batting: RHB Mario Trujillo
|
0-0: Called Strike 0-1: Ball 1-1: Grounds into double play, 5-4-3 (Groundball, 5, EV 91.9 MPH) Chris Yancey to third
|
Batting: RHB Egidius Kruger
|
0-0: Fly out, F9 (Flyball, 89D, EV 100.0 MPH)
|
Top of the 2nd over - 0 runs, 1 hit, 0 errors, 1 left on base; Mahoning Valley 0 - Hudson Valley 1 |
BOTTOM OF THE 2ND |
Hudson Valley Renegades batting - Pitching for Mahoning Valley Scrappers : RHP Rafael Borja
|
Now at SS: Manny Caldera
|
|
Batting: RHB Eddie Zamora
|
0-0: Foul Ball, location: 2F 0-1: Ground out 6-3 (Groundball, 6, EV 98.8 MPH)
|
Batting: LHB Alex Genao
|
0-0: Ground out U3 (Groundball, 34S, EV 80.0 MPH)
|
Batting: RHB Eric Waugaman
|
0-0: Ball 1-0: Swinging Strike 1-1: DOUBLE (Line Drive, 78D, EV 106.2 MPH)
|
Batting: SHB Josif Popovski
|
0-0: Fly out, F5 (Line Drive, 5, EV 61.9 MPH)
|
Bottom of the 2nd over - 0 runs, 1 hit, 0 errors, 1 left on base; Mahoning Valley 0 - Hudson Valley 1 |
TOP OF THE 3RD |
Mahoning Valley Scrappers batting - Pitching for Hudson Valley Renegades : RHP Suezo Nagai
|
Batting: RHB Nelson Trujillo
|
0-0: Ground out 5-3 (Groundball, 56, EV 78.1 MPH)
|
Batting: RHB Jonathan Underhill
|
0-0: Ball 1-0: Ball 2-0: Called Strike 2-1: Foul Ball, location: 2F 2-2: Strikes out swinging
|
Batting: RHB Edolf Vlemmings
|
0-0: Called Strike 0-1: Ball 1-1: Ball 2-1: Fly out, F9 (Flyball, 89S, EV 91.9 MPH)
|
Top of the 3rd over - 0 runs, 0 hits, 0 errors, 0 left on base; Mahoning Valley 0 - Hudson Valley 1 |
BOTTOM OF THE 3RD |
Hudson Valley Renegades batting - Pitching for Mahoning Valley Scrappers : RHP Rafael Borja
|
Batting: RHB Greg Grayson
|
0-0: Called Strike 0-1: SINGLE (Groundball, 56D, EV 106.2 MPH)
|
Batting: LHB Dan Hunt
|
0-0: Called Strike 0-1: Ball 1-1: Ball 2-1: Called Strike 2-2: Foul Ball, location: 2F 2-2: Fielders Choice at 2nd, 4-6 (Groundball, 4S, EV 83.1 MPH)
|
Batting: RHB Chris Thorson
|
0-0: Ball 1-0: Called Strike Dan Hunt steals 2nd base 1-1: SINGLE (Line Drive, 8RS, EV 106.9 MPH) Dan Hunt to third
|
Batting: LHB Brian Hollinger
|
0-0: Ball 1-0: Ball Chris Thorson steals 2nd base (no throw) 2-0: Ball Wild Pitch! Dan Hunt scores Chris Thorson to third 3-0: Base on Balls
|
Batting: SHB Suljo Dokic
|
0-0: Ball Brian Hollinger steals 2nd base 1-0: SINGLE (Line Drive, 56D, EV 99.4 MPH) Chris Thorson scores Brian Hollinger to third
|
Batting: RHB Eddie Zamora
|
0-0: Called Strike 0-1: Ball 1-1: Foul Ball, location: 2F 1-2: Ball 2-2: Foul Ball, location: 2F 2-2: SINGLE (Line Drive, 6M, EV 96.2 MPH) Brian Hollinger scores Suljo Dokic to second
|
Batting: LHB Alex Genao
|
0-0: Ball 1-0: Ball 2-0: Fielders Choice at 2nd, 3-6 (Groundball, 3, EV 101.2 MPH) Suljo Dokic to third
|
Batting: RHB Eric Waugaman
|
0-0: Called Strike 0-1: Ball Alex Genao is caught stealing 2nd base 2-4
|
Bottom of the 3rd over - 3 runs, 4 hits, 0 errors, 1 left on base; Mahoning Valley 0 - Hudson Valley 4 |
TOP OF THE 4TH |
Mahoning Valley Scrappers batting - Pitching for Hudson Valley Renegades : RHP Suezo Nagai
|
Batting: SHB Charlie Diesel
|
0-0: Called Strike 0-1: Ball 1-1: Called Strike 1-2: Ball 2-2: Ball 3-2: Ground out 3-1 (Groundball, 34, EV 82.5 MPH)
|
Batting: LHB Tibalt Sklavenitis
|
0-0: Ball 1-0: SINGLE (Groundball, 25, EV 65.6 MPH) (infield hit)
|
Batting: RHB Chris Yancey
|
0-0: Called Strike 0-1: Ball 1-1: Ball 2-1: Swinging Strike 2-2: Ball 3-2: Foul Ball, location: 2F 3-2: Base on Balls Tibalt Sklavenitis to second
|
Batting: LHB Manny Caldera
|
0-0: Ball 1-0: Called Strike 1-1: Swinging Strike 1-2: Strikes out swinging
|
Batting: RHB Mario Trujillo
|
0-0: Ball 1-0: Ground out 4-3 (Groundball, 4, EV 108.1 MPH)
|
Top of the 4th over - 0 runs, 1 hit, 0 errors, 2 left on base; Mahoning Valley 0 - Hudson Valley 4 |
BOTTOM OF THE 4TH |
Hudson Valley Renegades batting - Pitching for Mahoning Valley Scrappers : RHP Rafael Borja
|
Batting: RHB Eric Waugaman
|
0-0: Ball 1-0: Ball 2-0: Ball 3-0: Base on Balls
|
Batting: SHB Josif Popovski
|
0-0: Ball 1-0: Fielders Choice at 2nd, 3-6 (Groundball, 3S, EV 88.1 MPH)
|
Batting: RHB Greg Grayson
|
0-0: Called Strike 0-1: Ball Josif Popovski steals 2nd base 1-1: SINGLE (Groundball, 6MD, EV 96.9 MPH) Josif Popovski to third Runner from 3rd tries for Home, SAFE, throw by CF to home
|
Batting: LHB Dan Hunt
|
0-0: Ball 1-0: Fielders Choice at 2nd, 4-6 (Groundball, 4M, EV 85.6 MPH)
|
Batting: RHB Chris Thorson
|
0-0: Ball Dan Hunt steals 2nd base (no throw) 1-0: Called Strike 1-1: DOUBLE (Flyball, 78XD, EV 93.8 MPH) Dan Hunt scores
|
Pitching: RHP John Gernaat
|
|
Batting: LHB Brian Hollinger
|
0-0: Ball 1-0: Called Strike 1-1: Ball 2-1: Swinging Strike 2-2: Reached on error, E1 (Groundball, 13S, EV 65.6 MPH) Chris Thorson to third
|
Batting: SHB Suljo Dokic
|
0-0: Ball Wild Pitch! Chris Thorson scores Brian Hollinger to second 1-0: Ball 2-0: Ball 3-0: Base on Balls
|
Batting: RHB Eddie Zamora
|
0-0: Ball 1-0: Called Strike 1-1: Ball 2-1: Called Strike 2-2: Ball Wild Pitch! Brian Hollinger to third Suljo Dokic to second 3-2: Ground out 6-3 (Groundball, 6, EV 95.6 MPH)
|
Bottom of the 4th over - 3 runs, 2 hits, 1 error, 2 left on base; Mahoning Valley 0 - Hudson Valley 7 |
TOP OF THE 5TH |
Mahoning Valley Scrappers batting - Pitching for Hudson Valley Renegades : RHP Suezo Nagai
|
Batting: RHB Egidius Kruger
|
0-0: Ball 1-0: Foul Ball, location: 2F 1-1: Called Strike 1-2: Fly out, F7 (Line Drive, 7D, EV 101.9 MPH)
|
Batting: RHB Nelson Trujillo
|
0-0: Foul Ball, location: 2F 0-1: Ball 1-1: Ball 2-1: Ball 3-1: Foul Ball, location: 2F 3-2: SOLO HOME RUN (Flyball, 78XD, EV 114.4 MPH), Distance : 417 ft
|
Batting: RHB Jonathan Underhill
|
0-0: Called Strike 0-1: SOLO HOME RUN (Line Drive, 78XD, EV 104.4 MPH), Distance : 436 ft
|
Batting: RHB Edolf Vlemmings
|
0-0: Ball 1-0: Ball 2-0: Called Strike 2-1: Ground out 5-3 (Groundball, 5, EV 86.2 MPH)
|
Batting: SHB Charlie Diesel
|
0-0: Ball 1-0: Ground out 1-3 (Groundball, P, EV 70.0 MPH)
|
Top of the 5th over - 2 runs, 2 hits, 0 errors, 0 left on base; Mahoning Valley 2 - Hudson Valley 7 |
BOTTOM OF THE 5TH |
Hudson Valley Renegades batting - Pitching for Mahoning Valley Scrappers : RHP John Gernaat
|
Batting: LHB Alex Genao
|
0-0: Ball 1-0: Called Strike 1-1: SINGLE (Groundball, 4MD, EV 106.2 MPH)
|
Batting: RHB Eric Waugaman
|
0-0: Ball Alex Genao is caught stealing 2nd base 2-4 1-0: Foul Ball, location: 2F 1-1: Ball 2-1: Foul Ball, location: 2F 2-2: Foul Ball, location: 2F 2-2: Ball 3-2: Ground out 5-3 (Groundball, 56, EV 101.9 MPH)
|
Batting: SHB Josif Popovski
|
0-0: Called Strike 0-1: Called Strike 0-2: Foul Ball, location: 2F 0-2: Foul Ball, location: 2F 0-2: Ball 1-2: Foul Ball, location: 2F 1-2: Foul Ball, location: 2F 1-2: Reached on error, E4 (Groundball, 4, EV 87.5 MPH)
|
Batting: RHB Greg Grayson
|
0-0: Ball Josif Popovski steals 2nd base 1-0: Swinging Strike 1-1: Ground out 1-3 (Groundball, 13, EV 68.8 MPH)
|
Bottom of the 5th over - 0 runs, 1 hit, 1 error, 1 left on base; Mahoning Valley 2 - Hudson Valley 7 |
TOP OF THE 6TH |
Mahoning Valley Scrappers batting - Pitching for Hudson Valley Renegades : RHP Suezo Nagai
|
Batting: LHB Tibalt Sklavenitis
|
0-0: Ball 1-0: Swinging Strike 1-1: TRIPLE (Flyball, 9D, EV 96.2 MPH)
|
Batting: RHB Chris Yancey
|
0-0: Fly out, F7 (Line Drive, 7D, EV 88.1 MPH) Runner from 3rd tags up, SCORES, no throw by LF
|
Batting: LHB Manny Caldera
|
0-0: Called Strike 0-1: Foul Ball, location: 2F 0-2: Ball 1-2: Ball 2-2: Ground out 6-3 (Groundball, 6S, EV 77.5 MPH)
|
Batting: RHB Mario Trujillo
|
0-0: Ball 1-0: Ball 2-0: Ball 3-0: Base on Balls
|
Batting: RHB Egidius Kruger
|
0-0: Foul Ball, location: 2F 0-1: Called Strike Mario Trujillo is caught stealing 2nd base 2-4
|
Top of the 6th over - 1 run, 1 hit, 0 errors, 0 left on base; Mahoning Valley 3 - Hudson Valley 7 |
BOTTOM OF THE 6TH |
Hudson Valley Renegades batting - Pitching for Mahoning Valley Scrappers : RHP John Gernaat
|
Batting: LHB Dan Hunt
|
0-0: Ball 1-0: Ground out 6-3 (Groundball, 6, EV 81.2 MPH)
|
Batting: RHB Chris Thorson
|
0-0: Ball 1-0: Ball 2-0: Ball 3-0: Base on Balls
|
Batting: LHB Brian Hollinger
|
0-0: Ball 1-0: Called Strike 1-1: Ball 2-1: Swinging Strike 2-2: Foul Ball, location: 2F 2-2: Strikes out swinging
|
Batting: SHB Suljo Dokic
|
0-0: Ball Chris Thorson steals 2nd base 1-0: SINGLE (Line Drive, 89S, EV 100.0 MPH) Chris Thorson to third Runner from 3rd tries for Home, SAFE, throw by RF to home Suljo Dokic to second
|
Batting: RHB Eddie Zamora
|
0-0: Called Strike 0-1: Called Strike 0-2: Ground out 4-3 (Groundball, 4, EV 103.1 MPH)
|
Bottom of the 6th over - 1 run, 1 hit, 0 errors, 1 left on base; Mahoning Valley 3 - Hudson Valley 8 |
TOP OF THE 7TH |
Mahoning Valley Scrappers batting - Pitching for Hudson Valley Renegades : RHP Suezo Nagai
|
Batting: RHB Egidius Kruger
|
0-0: Ball 1-0: Foul Ball, location: 2F 1-1: Ball 2-1: Ball 3-1: Fly out, F6 (Popup, 6M, EV 51.2 MPH)
|
Batting: RHB Nelson Trujillo
|
0-0: Ground out 6-3 (Groundball, 6M, EV 101.9 MPH)
|
Batting: RHB Jonathan Underhill
|
0-0: Swinging Strike 0-1: SINGLE (Groundball, 4M, EV 106.2 MPH) (infield hit)
|
Pitching: LHP Toshiaki Wada
|
|
Batting: RHB Edolf Vlemmings
|
0-0: Ball 1-0: Called Strike Jonathan Underhill is caught stealing 2nd base 2-4
|
Top of the 7th over - 0 runs, 1 hit, 0 errors, 0 left on base; Mahoning Valley 3 - Hudson Valley 8 |
BOTTOM OF THE 7TH |
Hudson Valley Renegades batting - Pitching for Mahoning Valley Scrappers : RHP John Gernaat
|
Batting: LHB Alex Genao
|
0-0: Ball 1-0: Foul Ball, location: 2F 1-1: Swinging Strike 1-2: DOUBLE (Flyball, 8LXD, EV 108.1 MPH)
|
Batting: RHB Eric Waugaman
|
0-0: Ball 1-0: Called Strike 1-1: Ball 2-1: Foul Ball, location: 2F 2-2: Foul Ball, location: 2F Balk! Alex Genao to third 2-2: Foul Ball, location: 2F 2-2: Foul Ball, location: 2F 2-2: Fly out, F7 (Line Drive, 7S, EV 91.2 MPH)
|
Pitching: RHP Bryan Ernst
|
|
Batting: SHB Josif Popovski
|
Balk! Alex Genao scores 0-0: Called Strike 0-1: Ball 1-1: Ball 2-1: Called Strike 2-2: Ball 3-2: Strikes out looking
|
Batting: RHB Greg Grayson
|
0-0: Ball 1-0: Ball 2-0: Called Strike 2-1: Fly out, F3 (Popup, 34, EV 83.1 MPH)
|
Bottom of the 7th over - 1 run, 1 hit, 0 errors, 0 left on base; Mahoning Valley 3 - Hudson Valley 9 |
TOP OF THE 8TH |
Mahoning Valley Scrappers batting - Pitching for Hudson Valley Renegades : LHP Toshiaki Wada
|
Batting: RHB Edolf Vlemmings
|
0-0: Foul Ball, location: 2F 0-1: Fly out, F8 (Flyball, 78M, EV 91.2 MPH)
|
Batting: SHB Charlie Diesel
|
0-0: Ball 1-0: Ball 2-0: Fly out, F8 (Flyball, 8LD, EV 97.5 MPH)
|
Batting: LHB Tibalt Sklavenitis
|
0-0: Foul Ball, location: 2F 0-1: Ball 1-1: Ball 2-1: Foul Ball, location: 2F 2-2: Strikes out swinging
|
Top of the 8th over - 0 runs, 0 hits, 0 errors, 0 left on base; Mahoning Valley 3 - Hudson Valley 9 |
BOTTOM OF THE 8TH |
Hudson Valley Renegades batting - Pitching for Mahoning Valley Scrappers : RHP Bryan Ernst
|
Batting: LHB Dan Hunt
|
0-0: Called Strike 0-1: Hit by Pitch
|
Batting: RHB Chris Thorson
|
0-0: Ball Wild Pitch! Dan Hunt to second 1-0: Ground out 4-3 (Groundball, 4, EV 102.5 MPH) Dan Hunt to third
|
Batting: LHB Brian Hollinger
|
0-0: Ball 1-0: Swinging Strike 1-1: Ball 2-1: Ball 3-1: Foul Ball, location: 2F 3-2: Base on Balls
|
Batting: SHB Suljo Dokic
|
0-0: Called Strike Balk! Dan Hunt scores Brian Hollinger to second 0-1: Ball 1-1: Ball 2-1: Ball Wild Pitch! Brian Hollinger to third 3-1: Called Strike 3-2: Foul Ball, location: 2F 3-2: DOUBLE (Line Drive, 78M, EV 108.1 MPH) Brian Hollinger scores
|
Batting: RHB Eddie Zamora
|
0-0: Hit by Pitch
|
Pinch Runner at 1st Chris Lockart:
|
|
Batting: LHB Alex Genao
|
0-0: Called Strike 0-1: Grounds into double play, 4-6-3 (Groundball, 4, EV 90.0 MPH)
|
Bottom of the 8th over - 2 runs, 1 hit, 0 errors, 1 left on base; Mahoning Valley 3 - Hudson Valley 11 |
TOP OF THE 9TH |
Mahoning Valley Scrappers batting - Pitching for Hudson Valley Renegades : LHP Toshiaki Wada
|
Now in LF: Dan Hunt
|
|
Now in CF: Alex Genao
|
|
Now in RF: Chris Lockart
|
|
Batting: RHB Chris Yancey
|
0-0: Foul Ball, location: 2F 0-1: Ball 1-1: Called Strike 1-2: Foul Ball, location: 2F 1-2: Ball 2-2: Ball 3-2: Strikes out looking
|
Pinch Hitting: RHB Mike Sims
|
0-0: Ball 1-0: Called Strike 1-1: Called Strike 1-2: Strikes out looking
|
Batting: RHB Mario Trujillo
|
0-0: Ball 1-0: Called Strike 1-1: Called Strike 1-2: Ball 2-2: Strikes out swinging
|
Top of the 9th over - 0 runs, 0 hits, 0 errors, 0 left on base; Mahoning Valley 3 - Hudson Valley 11 |
|